 Dungeon Crawl Stone Soup version 0.15.2 (webtiles) character file.

139 kae the Cudgeler (level 5, -5/45 HPs)
             Began as a Minotaur Fighter on Jan 23, 2015.
             Killed by divine providence
             ... invoked by an orc priest
              (15 damage)
             ... on Level 4 of the Dungeon.
             The game lasted 00:01:47 (2539 turns).

kae the Cudgeler (Minotaur Fighter)                 Turns: 2539, Time: 00:01:47

HP  -5/45        AC  6     Str 20      XL: 5   Next:  1%
MP   2/2         EV  6     Int  6      God:
Gold 133         SH  9     Dex 10      Spells:  0 memorised,  4 levels left

rFire  . . .     SeeInvis .     a - +0 flail
rCold  . . .     Clarity  .     b - +0 scale mail
rNeg   . . .     rCorr    .     c - +0 shield
rPois  .         rRot     .     (helmet restricted)
rElec  .         Spirit   .     (no cloak)
SustAb .         Warding  .     (no gloves)
rMut   .         Stasis   .     (no boots)
Gourm  .                        (no amulet)
MR     .....                    (no ring)
                                (no ring)

@: not resistant to hostile enchantments, extremely unstealthy
A: retaliatory headbutt, horns 2
a: no special abilities


You were on level 4 of the Dungeon.
You were not hungry.

You visited 1 branch of the dungeon, and saw 4 of its levels.

You collected 133 gold pieces.

Inventory:

Hand weapons
 a - a +0 flail (weapon)
Missiles
 v - 4 tomahawks (quivered)
Armour
 b - a +0 scale mail (worn)
 c - a +0 shield (worn)
Magical devices
 s - a wand of enslavement (9) {unknown}
 x - a wand of fireball (7) {unknown}
Comestibles
 d - 2 bread rations
 i - 2 meat rations
 n - 9 fruits
 w - a chunk of orc flesh
Scrolls
 f - a scroll of enchant armour {unknown}
 g - a scroll of noise {unknown}
 h - a scroll of remove curse {unknown}
 l - 2 scrolls of amnesia {unknown}
 m - 2 scrolls of random uselessness {unknown}
 o - a scroll of blinking {unknown}
 r - a scroll of identify {unknown}
 t - a scroll of enchant weapon {unknown}
Jewellery
 j - an uncursed amulet of resist corrosion {unknown}
 q - a +1 ring of strength {unknown}
Potions
 e - 4 potions of might
 k - 3 potions of degeneration {unknown}
 p - a potion of poison {unknown}
 u - a potion of curing {unknown}
 z - a potion of restore abilities {unknown}


   Skills:
 - Level 3.6 Fighting
 + Level 6.3 Maces & Flails
 - Level 3.6 Armour
 - Level 3.6 Shields


You had 4 spell levels left.
You didn't know any spells.

Dungeon Overview and Level Annotations

Branches:
Dungeon (4/15)
 Temple: D:4-7

Altars:
Cheibriados
Makhleb
Yredelemnul


Innate Abilities, Weirdness & Mutations

You reflexively headbutt those who attack you in melee.
You have a pair of horns on your head.


Message History

The orc is severely wounded.
The orc hits you but does no damage.
The orc priest prays to Beogh.
You feel a wave of unholy energy pass over you.
The orc hits you but does no damage.
You barely miss the orc.
The orc is severely wounded.
You block the orc's attack. The orc barely misses you.
Unknown command.
The orc hits you with a whip.
The orc priest calls down the wrath of Beogh upon you.
Something smites you!
* * * LOW HITPOINT WARNING * * *
There is an open door here.
The orc priest's eyes start to glow.
Drink which item? (? for menu, Esc to quit)
Okay, then.
The orc priest invokes the aid of Beogh against you.
Something smites you!
You die...

#......'.'..........#
#......###..........#
#..<...# #..........#
#......# #####.####.#
#......# #.# #......#
#.####### ###'####
#.......# #.#
############.# #[#
#.@.<%.....#.# #|#
#.########.#.# #'## #o#
#.#.###### ..... #.#
####'#....... ...... #o#
#.......##### ....... #.#
#.......# ....... #o#
#.......# ....... #.#
#.......#
........###'########+####


You could see an orc priest and 2 orcs.

Vanquished Creatures
  An orc priest (D:3)
  An orc wizard (D:3)
  2 adders
  2 worms
  A giant gecko (D:2)
  3 oozes
  An orc (D:3)
  4 giant cockroaches
  2 goblins
  7 hobgoblins
  3 jackals (D:3)
  A ball python (D:1)
  9 bats
  2 giant newts (D:2)
  6 kobolds
  A quokka (D:2)
  7 rats
53 creatures vanquished.

Notes
Turn   | Place    | Note
--------------------------------------------------------------
     0 | D:1      | kae, the Minotaur Fighter, began the quest for the Orb.
     0 | D:1      | Reached XP level 1. HP: 19/19 MP: 1/1
   131 | D:1      | Reached XP level 2. HP: 24/26 MP: 1/1
   476 | D:2      | Reached skill level 4 in Maces & Flails
   807 | D:2      | Reached XP level 3. HP: 31/31 MP: 2/2
  1288 | D:2      | Found a basalt altar of Yredelemnul.
  1288 | D:2      | Found a burning altar of Makhleb.
  1550 | D:3      | Found a snail-covered altar of Cheibriados.
  1582 | D:3      | Reached skill level 5 in Maces & Flails
  1638 | D:3      | Reached XP level 4. HP: 32/39 MP: 2/2
  2396 | D:3      | Reached skill level 6 in Maces & Flails
  2507 | D:4      | Reached XP level 5. HP: 41/45 MP: 2/2
  2539 | D:4      | Killed from afar by an orc priest

Action                   |  1- 3 |  4- 6 || total
-------------------------+-------+-------++-------
Melee: Flail             |   125 |    52 ||   177
  Eat: Chunk             |     2 |     3 ||     5
